AoeStats
← ulles

Arena

510391647Analyzed
4v4 RM · 3d ago on Sep 30, 2026· 37m 4s· 8 players
Game mode
Random Map
Map size
Large (8 player)
Population
200
Speed
Normal
Resources
Standard
Victory
Conquest
Starting age
Dark Age
Ending age
Imperial Age
RankedLock teamsTeams togetherTeam positionsShared explorationLock speedFull tech treeHidden civsTurbo modeCheats
Victory
Defeat
🇵🇹 Romans · Portugal
1225
+17
🇵🇹 Khmer · Portugal
1211
+17
🇧🇪 Magyars · Belgium
1191
+18
🇩🇰 Wu · Denmark
1177
+19
🇩🇪 Byzantines · Germany
1292
-21
🇩🇪 Varangians · Germany
1283
-19
🇩🇪 Tupi · Germany
1221
-17
🇩🇪 Franks · Germany
1145
-14
sabin_schy
12:12 Feudal Age
12:41 Double-Bit Axe
12:38 Horse Collar
18:10 Castle Age
17:58 Wheelbarrow
19:14 Bow Saw
19:06 Heavy Plow
20:16 Stone Mining
20:17 Gold Mining
22:07 Hand Cart
22:42 Gold Shaft Mining
24:22 Loom
27:10 Treadmill Crane
31:47 Imperial Age
30:15 Masonry
30:01 Murder Holes
30:27 Ballistics
30:14 Scale Barding Armor
30:09 Padded Archer Armor
30:00 Fletching
30:21 Corvinian Army
30:30 Guard Tower
32:01 Chain Barding Armor
31:57 Leather Archer Armor
33:34 Two-Man Saw
33:24 Crop Rotation
33:16 Fervor
34:26 Chemistry
34:04 Plate Barding Armor
33:25 Bodkin Arrow
32:54 Elite Magyar Huszar
33:48 Bloodlines
33:38 Husbandry
34:08 Conscription
34:56 Hoardings
35:01 Ring Archer Armor
35:51 Siege Engineers
35:51 Recurve Bow
Doctorbonus
10:27 Feudal Age
14:25 Castle Age
13:01 Double-Bit Axe
12:57 Horse Collar
14:05 Town Watch
15:41 Bow Saw
17:06 Loom
20:02 Stone Mining
20:53 Heavy Plow
21:25 Heavy Plow
23:17 Wheelbarrow
23:15 Fletching
23:34 Gold Mining
24:56 Stone Shaft Mining
24:38 Bodkin Arrow
25:49 Gold Shaft Mining
26:14 Padded Archer Armor
26:41 Ballistics
27:19 Red Cliffs Tactics
28:34 Leather Archer Armor
32:27 Imperial Age
30:56 Hand Cart
30:23 Treadmill Crane
30:56 Squires
30:59 Scale Mail Armor
31:00 Pikeman
33:09 Chain Mail Armor
33:04 Forging
34:29 Two-Man Saw
33:31 Bracer
34:52 Chemistry
34:56 Conscription
34:12 Halberdier
36:30 Conscription
36:31 Sitting Tiger
37:45 Plate Mail Armor
steves
10:31 Feudal Age
13:38 Castle Age
11:47 Double-Bit Axe
11:54 Horse Collar
15:13 Scale Barding Armor
18:23 Forging
18:20 Gold Mining
20:04 Chain Barding Armor
21:35 Iron Casting
23:44 Bloodlines
26:14 Loom
33:12 Imperial Age
30:55 Husbandry
31:02 Scale Mail Armor
30:27 Pikeman
30:54 Arson
32:13 Wheelbarrow
33:17 Cavalier
34:33 Halberdier
36:29 Chain Mail Armor
37:19 Plate Barding Armor
phlyp
9:11 Feudal Age
7:27 Loom
8:07 Loom
12:52 Castle Age
11:31 Double-Bit Axe
32:31 Imperial Age
31:00 Wheelbarrow
30:55 Gold Mining
31:24 Bow Saw
32:30 Ballistics
32:34 Horse Collar
32:58 Capped Ram
35:31 Scale Mail Armor
35:42 Forging
34:55 Pikeman
35:36 Squires
35:20 Heavy Scorpion
Murschann
7:32 Loom
10:52 Feudal Age
12:16 Double-Bit Axe
15:05 Castle Age
12:56 Horse Collar
15:19 Gold Mining
16:47 Scale Mail Armor
16:57 Forging
22:08 Husbandry
22:28 Scale Barding Armor
26:49 Wheelbarrow
31:35 Fortified Wall
33:17 Chain Mail Armor
33:38 Iron Casting
33:43 Squires
33:29 Arson
39:50 Imperial Age
ulles
10:53 Feudal Age
11:08 Feudal Age
15:29 Castle Age
13:55 Double-Bit Axe
14:45 Horse Collar
15:14 Loom
18:45 Wheelbarrow
21:54 Bow Saw
22:40 Heavy Plow
27:33 Bloodlines
27:32 Scale Barding Armor
30:10 Imperial Age
28:12 Forging
28:38 Scale Barding Armor
28:54 Husbandry
29:36 Iron Casting
29:47 Iron Casting
29:47 Hand Cart
30:16 Cavalier
31:19 Chain Barding Armor
32:39 Blast Furnace
33:41 Plate Barding Armor
33:56 Light Cavalry
laggysnapy
9:52 Feudal Age
13:53 Castle Age
11:58 Double-Bit Axe
12:19 Loom
12:21 Horse Collar
14:49 Bow Saw
14:48 Town Watch
19:17 Heavy Plow
22:25 Wheelbarrow
22:23 Fletching
23:52 Hand Cart
23:55 Bodkin Arrow
23:26 Crossbowman
24:14 Padded Archer Armor
24:34 Gold Mining
28:36 Leather Archer Armor
31:23 Imperial Age
32:17 Bracer
34:18 Chemistry
34:27 Elite Skirmisher
36:28 Ring Archer Armor
36:34 Ballistics
KIV_Amir
11:02 Feudal Age
12:30 Loom
15:24 Castle Age
13:54 Double-Bit Axe
14:25 Stone Mining
Connection lost

Rejoining the realm…

Still unreachable

The connection could not be restored.

Session expired

The server has moved on; the page needs a fresh start.